 Dungeon Crawl Stone Soup version 0.21-a0-513-gdcb3f5e (webtiles) character file.

1787 Gerstahl the Skirmisher (level 8, -7/100 HPs)
             Began as a Demonspawn Gladiator on Dec 1, 2017.
             Was a Follower of Okawaru.
             Mangled by an orc warrior
             ... wielding a +0 glaive
              (11 damage)
             ... on level 8 of the Dungeon.
             The game lasted 00:14:16 (7172 turns).

Gerstahl the Skirmisher (Demonspawn Gladiator)      Turns: 7172, Time: 00:14:17

Health: -7/100     AC: 14    Str: 20    XL:     8   Next: 82%
Magic:  0/8        EV: 12    Int:  9    God:    Okawaru [*.....]
Gold:   325        SH:  0    Dex: 17    Spells: 7/7 levels left

rFire    + . .     SeeInvis .   a - +0 rapier
rCold    + . .     Gourm    .   (no shield)
rNeg     . . .     Faith    .   D - +1 scale mail {rF+}
rPois    .         Spirit   +   c - +0 helmet
rElec    .         Reflect  .   p - +0 cloak
rCorr    .         Harm     .   (no gloves)
MR       .....                  x - +0 pair of boots
Stlth    ..........             k - amulet of guardian spirit
HPRegen  0.26/turn              (no ring)
MPRegen  0.11/turn              (no ring)

@: berserking, very quick
A: talons 1, icy blue scales 2, cold resistance 1
a: Heroism, Renounce Religion


You were on level 8 of the Dungeon.
You worshipped Okawaru.
Okawaru was aware of your devotion.
You were hungry.

You visited 1 branch of the dungeon, and saw 8 of its levels.
You also visited: Sewer.

You collected 325 gold pieces.

Inventory:

Hand Weapons
 a - a +0 rapier (weapon)
Armour
 b - a +0 leather armour
 c - a +0 helmet (worn)
 p - a +0 cloak (worn)
 x - a +0 pair of boots (worn)
 D - a +1 scale mail of fire resistance (worn)
Jewellery
 k - an amulet of guardian spirit (around neck)
Wands
 o - a wand of flame (20)
 y - a wand of random effects (23)
Scrolls
 d - a scroll of immolation {unknown}
 e - 5 scrolls of remove curse
 g - 4 scrolls of identify
 h - a scroll of amnesia
 m - a scroll of fog {unknown}
 r - a scroll of fear {unknown}
 s - a scroll of noise {unknown}
Potions
 i - 3 potions of flight {unknown}
 j - 2 potions of might {unknown}
 l - 3 potions of degeneration {unknown}
 n - 3 potions of ambrosia {unknown}
 q - a potion of haste {unknown}
 t - 3 potions of heal wounds {unknown}
 z - a potion of berserk rage
 A - a potion of magic {unknown}
 B - a potion of invisibility {unknown}
 E - 2 potions of brilliance {unknown}
Comestibles
 f - 7 bread rations
 v - 8 fruits
 C - 3 royal jellies


   Skills:
 + Level 7.3 Fighting
 + Level 7.0 Short Blades
 - Level 1.7 Throwing
 + Level 3.3 Armour
 + Level 4.4 Dodging


You had 7 spell levels left.
You didn't know any spells.

Dungeon Overview and Level Annotations

Branches:
Dungeon (8/15)             Temple (0/1) D:6
   Lair: D:8-11

Altars:
Cheibriados
Okawaru
Ru
The Shining One

Shops:
D:7 (

Annotations:
D:7 Menkaure


Innate Abilities, Weirdness & Mutations

You have sharp toenails.
You are mostly covered in icy blue scales. (AC +3)
Your flesh is cold resistant. (rC+)


Message History

The quokka barely misses you. The orc warrior barely misses you.
You feel better.
The leopard gecko bites you but does no damage.
The quokka barely misses you.
The orc warrior hits you with a glaive!!
* * * LOW HITPOINT WARNING * * *
The leopard gecko barely misses you.
The quokka twitches its whiskers.
The quokka bites you but does no damage.
A red film seems to cover your vision as you go berserk!
You feel yourself moving faster!
You feel mighty! The orc warrior hits you with a glaive!
* * * LOW HITPOINT WARNING * * *
The quokka closely misses you.
The leopard gecko bites you but does no damage.
Unknown command.
You puncture the orc warrior!
The orc warrior is moderately wounded.
The orc warrior hits you with a glaive!
You die...

#.. #.. #... #
... .# #.... .#
#..#.####..###
##....r.l......
.......@o......
.#.#####.#..###
.# # .# .# .#
.. .#


You could see an orc warrior (berserk), a leopard gecko and a quokka.

Vanquished Creatures
  A sky beast (D:5)
  3 ogres (D:4)
  A centaur (D:6)
  A crocodile (D:7)
  A big kobold (Sewer)
  3 bullfrogs (D:6)
  A scorpion (D:6)
  A howler monkey (D:5)
  2 crimson imps
  2 hounds (D:5)
  5 orc priests
  Crazy Yiuf (D:2)
  Terence (D:2)
  Jessica (D:2)
  2 worker ants (D:6)
  6 orc wizards
  2 hound skeletons (D:4)
  8 gnolls (D:4)
  7 adders
  A river rat (Sewer)
  A shadow imp (D:5)
  2 oozes
  4 worms
  2 dart slugs (D:1)
  8 leopard geckos
  27 orcs
  A ball python (D:3)
  8 bats
  5 giant cockroaches
  10 hobgoblins
  2 jackals (Sewer)
  3 quokkas
  4 frilled lizards
  17 goblins
  A jackal skeleton (D:6)
  8 kobolds
  A leopard gecko skeleton (D:4)
  9 rats
163 creatures vanquished.

Notes
Turn   | Place    | Note
-------+----------+-------------------------------------------
     0 | D:1      | Gerstahl the Demonspawn Gladiator began the quest for the Orb.
     0 | D:1      | Reached XP level 1. HP: 16/16 MP: 1/1
   127 | D:1      | Gained mutation: You are partially covered in icy blue scales. (AC +2) [demonic ancestry]
   127 | D:1      | Reached XP level 2. HP: 20/23 MP: 2/2
   357 | D:1      | Reached XP level 3. HP: 26/28 MP: 3/3
   934 | D:2      | Found a runed door.
   986 | D:2      | Noticed Crazy Yiuf
   996 | D:2      | Killed Crazy Yiuf
   996 | D:2      | Gained mutation: Your flesh is cold resistant. (rC+) [demonic ancestry]
   996 | D:2      | Reached XP level 4. HP: 9/35 MP: 1/4
  1611 | D:2      | Found a snail-covered altar of Cheibriados.
  1613 | D:2      | Noticed Jessica
  1617 | D:2      | Noticed Terence
  1619 | D:2      | Killed Jessica
  1643 | D:2      | Killed Terence
  1643 | D:2      | Gained mutation: You are mostly covered in icy blue scales. (AC +3) [demonic ancestry]
  1643 | D:2      | Reached XP level 5. HP: 29/42 MP: 3/5
  2291 | D:3      | Found a glowing drain.
  2308 | Sewer    | Entered a sewer
  2561 | Sewer    | Reached XP level 6. HP: 27/49 MP: 4/6
  2745 | Sewer    | Found a white marble altar of Elyvilon.
  2886 | D:3      | Reached skill level 5 in Fighting
  2886 | D:3      | Reached skill level 5 in Short Blades
  2963 | D:3      | Found an iron altar of Okawaru.
  2980 | D:3      | Became a worshipper of Warmaster Okawaru
  3735 | D:4      | Gained mutation: You have sharp toenails. [demonic ancestry]
  3735 | D:4      | Reached XP level 7. HP: 35/56 MP: 3/7
  3962 | D:4      | Reached * piety under Okawaru
  4188 | D:4      | Found a glowing golden altar of the Shining One.
  4196 | D:4      | Found a sacrificial altar of Ru.
  4457 | D:5      | Entered Level 5 of the Dungeon
  4798 | D:5      | Reached skill level 1 in Armour
  5014 | D:5      | Reached XP level 8. HP: 63/65 MP: 6/8
  6187 | D:6      | Found a staircase to the Ecumenical Temple.
  6449 | D:6      | Reached ** piety under Okawaru
  7068 | D:7      | Noticed Menkaure
  7087 | D:7      | Found Cueps's Antique Weapon Emporium.
  7171 | D:8      | HP: 4/100 [orc warrior/glaive (14)]
  7172 | D:8      | Mangled by an orc warrior

Vault maps used:
D:1:      onia_arrival_larder
D:2:      old_standard_altar, uniq_jessica, uniq_crazy_yiuf_cottage,
          uniq_terence
D:3:      cheibrodos_sewer_entry_bend, okawaru_gym_becter
D:4:      corexii_shantytown, amethyst_overflow_temple_binary
D:5:      first_bread, minmay_item_behind_shaft
D:6:      temple_statues, minmay_misc_feat_four_crosses
D:7:      serial_shops, nicolae_shop_crystal, uniq_pikel, uniq_menkaure
D:8:      serial_shops, kennysheep_little_box
Sewer:    sewer_kobolds

Skill      XL: |  1  2  3  4  5  6  7  8 |
---------------+-------------------------+-----
Short Blades   | 3 4 5 6 7 |  7.0
Fighting       | 3 4 5 6 7 |  7.3
Armour         | 1 3 |  3.3
Dodging        | 3 4 |  4.4
Throwing       | |  1.7

Action                   |  1- 3 |  4- 6 |  7- 9 || total
-------------------------+-------+-------+-------++-------
Melee: Rapier            |   129 |   313 |   388 ||   830
Throw: Throwing net      |     2 |     2 |     1 ||     5
Evoke: Wand              |       |       |     1 ||     1
  Use: Potion            |       |       |     6 ||     6
       Scroll            |       |       |     5 ||     5
 Stab: Held in net/web   |     1 |     1 |       ||     2
       Sleeping          |       |     1 |       ||     1
  Eat: Chunk             |       |    10 |     7 ||    17
       Fruit             |       |       |     4 ||     4
Armor: Leather armour    |    57 |    88 |    59 ||   204
       Scale mail        |       |       |    52 ||    52
Dodge: Dodged            |    71 |   195 |   193 ||   459

Table legend:
 A = Spawn XP
 B = Non-spawn XP
 C = Spawn XP percentage of total XP
 D = Spawn monster count
 E = Non-spawn monster count
 F = Spawn count percentage of total count
 G = Total turns spent on level
                    A         B        C        D         E        F      G
               +---------+---------+-------+---------+---------+-------+---------
         Total |       0 |    2554 |   0.0 |       0 |     163 |   0.0 |  7172
               +---------+---------+-------+---------+---------+-------+---------
           D:1 |       0 |      52 |   0.0 |       0 |      26 |   0.0 |   606
           D:2 |       0 |     171 |   0.0 |       0 |      18 |   0.0 |  1390
           D:3 |       0 |     178 |   0.0 |       0 |      22 |   0.0 |   789
           D:4 |       0 |     708 |   0.0 |       0 |      44 |   0.0 |  1240
           D:5 |       0 |     604 |   0.0 |       0 |      29 |   0.0 |  1508
           D:6 |       0 |     608 |   0.0 |       0 |      12 |   0.0 |   840
           D:7 |       0 |     110 |   0.0 |       0 |       2 |   0.0 |   310
         Sewer |       0 |     123 |   0.0 |       0 |      10 |   0.0 |   482
               +---------+---------+-------+---------+---------+-------+---------
